 Dungeon Crawl Stone Soup version 0.25-a0-100-g33052ceff8 (webtiles) character file.

Game seed: 1685782962581389861, levelgen mode: deterministic

720552 MisterFreud the Hoplite (level 27, -15/200 HPs)
             Began as an Octopode Gladiator on Nov 12, 2019.
             Was the Champion of Cheibriados.
             Demolished by an Executioner (23 damage)
             ... summoned by Ereshkigal
             ... on level 7 of Tartarus on Nov 14, 2019.
             The game lasted 04:34:55 (61267 turns).

MisterFreud the Hoplite (Octopode Gladiator)       Turns: 61267, Time: 04:34:56

Health: -15/200    AC:  9    Str: 36      XL:     27
Magic:  0/42       EV: 44    Int: 46      God:    Cheibriados [******]
Gold:   2699       SH: 39    Dex: 43 (45) Spells: 37/56 levels left

rFire    . . .     SeeInvis +   N - +9 demon blade (elec)
rCold    + + +     Gourm    .   k - +0 large shield
rNeg     + + +     Faith    .   w - +2 hat of the Bear Spirit {Spirit, +Rage rN+ MR++}
rPois    .         Spirit   +   p - brooch of Shielding {Reflect SH+8}
rElec    .         Reflect  +   W - ring of Hifaog {rN+++ Int+5 Dex+8 Stlth-}
rCorr    .         Harm     .   b - ring of wizardry
MR       +++++                  C - ring of positive energy
Stlth    ++++......             M - +6 ring of protection
HPRegen  0.43/turn              a - ring of protection from magic
MPRegen  0.28/turn              Y - ring of the Sparrow {*Corrode +Fly Str+7 Dex+3}
                                D - ring "Iggiloess" {rC+++ SInv}
                                S - ring of Eternal Harmony {+Fly Int+4 Slay+3}

@: agile, slightly contaminated, silenced, very slow
A: almost no armour, stealthy swim, amphibious, 8 rings, constrict 8, camouflage
1, blurry vision 1, deterioration 1, gelatinous body 1, no potion heal 1
}: 4/15 runes: decaying, silver, icy, gossamer
a: Renounce Religion, Evoke Berserk Rage, Evoke Flight


You were on level 7 of Tartarus.
You worshipped Cheibriados.
Cheibriados was exalted by your worship.
You were very hungry.

You visited 13 branches of the dungeon, and saw 62 of its levels.
You also visited: Trove.

You collected 6328 gold pieces.
You spent 3629 gold pieces at shops.

Inventory:

Hand Weapons
 N - a +9 demon blade of electrocution (weapon)
Missiles
 c - 6 throwing nets (quivered)
Armour
 k - a +0 large shield (worn)
 w - the +2 hat of the Bear Spirit (worn) {Spirit, +Rage rN+ MR++}
   (You found it in a treasure trove)

   It protects you from negative energy.
   It affects your resistance to hostile enchantments.
   It lets you go berserk.
Jewellery
 a - a ring of protection from magic (on tentacle)
 b - a ring of wizardry (right tentacle)
 l - an uncursed ring of protection from fire
 o - an uncursed ring of resist corrosion
 p - the brooch of Shielding (around mantle) {Reflect SH+8}
   (You found it in a treasure trove)

   [amulet of reflection]

   It shields you and reflects attacks.
   It affects your SH (+8).
 C - a ring of positive energy (on tentacle)
 D - the ring "Iggiloess" (on tentacle) {rC+++ SInv}
   (You bought it in a shop on level 2 of the Orcish Mines)

   [ring of see invisible]

   It renders you almost immune to cold.
   It lets you see invisible.
 F - an uncursed ring of fire
 M - a +6 ring of protection (on tentacle)
 S - the ring of Eternal Harmony (on tentacle) {+Fly Int+4 Slay+3}
   (You found it on level 3 of the Elven Halls)

   [ring of flight]

   It affects your intelligence (+4).
   It affects your accuracy and damage with ranged weapons and melee attacks
   (+3).
   It lets you fly.
 T - an uncursed ring of magical power
 W - the ring of Hifaog (left tentacle) {rN+++ Int+5 Dex+8 Stlth-}
   (You took it off a vault guard on level 5 of the Vaults)

   [ring of intelligence]

   It affects your intelligence (+5).
   It affects your dexterity (+8).
   It renders you almost immune to negative energy.
   It makes you less stealthy.
 Y - the ring of the Sparrow (on tentacle) {*Corrode +Fly Str+7 Dex+3}
   (You took it off an orc knight on level 2 of the Depths)

   [ring of flight]

   It affects your strength (+7).
   It affects your dexterity (+3).
   It lets you fly.
   It may corrode you when you take damage.
Wands
 r - a wand of acid (29)
 G - a wand of polymorph (4)
 K - a wand of iceblast (38)
 Q - a wand of enslavement (10)
 R - a wand of digging (32)
 Z - a wand of clouds (10)
Scrolls
 e - 20 scrolls of identify
 h - 7 scrolls of blinking
 i - 6 scrolls of enchant armour
 j - 5 scrolls of fog
 m - 32 scrolls of remove curse
 q - 19 scrolls of teleportation
 t - 7 scrolls of magic mapping
 u - 3 scrolls of silence
 y - a scroll of summoning
 I - 8 scrolls of amnesia
 O - 3 scrolls of fear
Potions
 g - 3 potions of mutation
 s - 4 potions of invisibility
 x - 6 potions of ambrosia
 z - 20 potions of curing
 A - 11 potions of brilliance
 B - 5 potions of heal wounds
 H - 2 potions of might
 J - 9 potions of magic
 L - 7 potions of agility
 P - 3 potions of resistance
 X - 4 potions of cancellation
Miscellaneous
 f - a lamp of fire
 n - 4 boxes of beasts
 v - a sack of spiders
 E - a fan of gales
 U - a phial of floods
 V - 4 phantom mirrors
Comestibles
 d - 76 rations


   Skills:
 + Level 19.7 Fighting
 - Level 14.0 Long Blades
 - Level 2.0 Throwing
 + Level 19.7 Dodging
 - Level 25.0 Shields
 - Level 15.0 Spellcasting
 - Level 10.0 Charms
 - Level 10.0 Summonings
 - Level 10.1 Necromancy
 - Level 10.0 Translocations
 - Level 15.0 Transmutations
 - Level 15.0 Earth Magic
 - Level 12.0 Invocations
 - Level 4.0 Evocations


You had 37 spell levels left.
You knew the following spells:

 Your Spells              Type           Power        Failure   Level  Hunger
a - Statue Form           Tmut/Erth      ########.    1%          6    None
b - Blink                 Tloc           N/A          0%          2    None
c - Lesser Beckoning      Tloc           #######...   1%          3    None
d - Regeneration          Chrm/Necr      #######...   1%          3    None
e - Aura of Abjuration    Summ           #######...   1%          5    None

Your spell library contained the following spells:

 Spells                   Type           Power        Failure   Level  Hunger
 Animate Skeleton         Necr           N/A          0%          1    None
 Beastly Appendage        Tmut           ######       0%          1    None
 Infusion                 Chrm           ####         0%          1    None
 Pain                     Necr           ####         0%          1    None
 Summon Butterflies       Summ           #######.     0%          1    None
 Summon Small Mammal      Summ           ####         0%          1    None
 Call Imp                 Summ           #######.     0%          2    None
 Corpse Rot               Necr           N/A          0%          2    None
 Passwall                 Tmut/Erth      ########     0%          2    None
 Shroud of Golubria       Chrm/Tloc      ######       0%          2    None
 Song of Slaying          Chrm           #######.     0%          2    None
 Sticks to Snakes         Tmut           ########     0%          2    None
 Sublimation of Blood     Necr           #######...   0%          2    None
 Petrify                  Tmut/Erth      ########     0%          4    None
 Confusing Touch          Hex            ####..       1%          1    None
 Corona                   Hex            ####...      1%          1    None
 Flame Tongue             Conj/Fire      ####.        1%          1    None
 Magic Dart               Conj           ####         1%          1    None
 Shock                    Conj/Air       ####         1%          1    None
 Sting                    Conj/Pois      ####         1%          1    None
 Ensorcelled Hibernation  Hex/Ice        ####..       1%          2    None
 Poisonous Vapours        Pois/Air       ####..       1%          2    None
 Slow                     Hex            ####....     1%          2    None
 Swiftness                Chrm/Air       ######..     1%          2    None
 Throw Flame              Conj/Fire      ####..       1%          2    None
 Call Canine Familiar     Summ           #######.     1%          3    None
 Confuse                  Hex            ####....     1%          3    None
 Conjure Flame            Conj/Fire      ####....     1%          3    None
 Gell's Gravitas          Tloc           #######...   1%          3    None
 Ignite Poison            Fire/Tmut/Pois ######..     1%          3    None
 Inner Flame              Hex/Fire       ####....     1%          3    None
 Mephitic Cloud           Conj/Pois/Air  ####....     1%          3    None
 Portal Projectile        Hex/Tloc       ######       1%          3    None
 Spectral Weapon          Hex/Chrm       ######..     1%          3    None
 Spider Form              Tmut/Pois      #######...   1%          3    None
 Static Discharge         Conj/Air       ####....     1%          3    None
 Summon Guardian Golem    Hex/Summ       ######..     1%          3    None
 Teleport Other           Tloc           #######.     1%          3    None
 Vampiric Draining        Necr           #######...   1%          3    None
 Animate Dead             Necr           N/A          1%          4    None
 Ice Form                 Ice/Tmut       #######.     1%          4    None
 Leda's Liquefaction      Hex/Erth       #######...   1%          4    None
 Passage of Golubria      Tloc           N/A          1%          4    None
 Summon Ice Beast         Ice/Summ       ######..     1%          4    None
 Summon Lightning Spire   Summ/Air       ######..     1%          4    None
 Agony                    Necr           #######.     1%          5    None
 Blade Hands              Tmut           ########..   1%          5    None
 Bolt of Draining         Conj/Necr      ######....   1%          5    None
 Bolt of Magma            Conj/Fire/Erth ######....   1%          5    None
 Dispel Undead            Necr           #######.     1%          5    None
 Excruciating Wounds      Chrm/Necr      #######...   1%          5    None
 Lee's Rapid Deconstruct  Erth           ########..   1%          5    None
 Summon Mana Viper        Hex/Summ       ######..     1%          5    None
 Yara's Violent Unravell  Hex/Tmut       #######...   1%          5    None
 Death Channel            Necr           #######...   1%          6    None
 Iron Shot                Conj/Erth      #######...   1%          6    None
 Airstrike                Air            ####......   2%          4    None
 Cause Fear               Hex            ####......   2%          4    None
 Olgreb's Toxic Radiance  Pois           ####....     2%          4    None
 Sticky Flame             Conj/Fire      ####....     2%          4    None
 Malign Gateway           Summ/Tloc      #######...   4%          7    #......
 Monstrous Menagerie      Summ           #######...   4%          7    #......
 Summon Greater Demon     Summ           #######...   4%          7    #......
 Fireball                 Conj/Fire      ####......   8%          5    None
 Lightning Bolt           Conj/Air       ####......   8%          5    None
 Metabolic Englaciation   Hex/Ice        ####......   8%          5    None
 Silence                  Hex/Air        ####......   8%          5    None
 Venom Bolt               Conj/Pois      ####......   8%          5    None
 Necromutation            Tmut/Necr      #######...   11%         8    ####...
 Ring of Flames           Chrm/Fire      ######....   28%         7    #......
 Spellforged Servitor     Conj/Summ      ######....   28%         7    #......
 Summon Horrible Things   Summ           #######...   28%         8    ####...
 Bolt of Fire             Conj/Fire      ####......   38%         6    None
 Darkness                 Hex            ####......   38%         6    None
 Invisibility             Hex            ####....     38%         6    None
 Shatter                  Erth           ########..   50%         9    ######.
 Ignition                 Fire           ####......   100%        8    ####...
 Tornado                  Air            ####......   100%        9    ######.


Dungeon Overview and Level Annotations

Branches:
Dungeon (15/15)            Temple (1/1) D:7            Lair (6/6) D:11
  Swamp (4/4) Lair:2       Spider (4/4) Lair:4        Slime (0/5) Lair:5
    Orc (2/2) D:11            Elf (3/3) Orc:2        Vaults (5/5) D:13
  Crypt (3/3) Vaults:2       Tomb (0/3) Crypt:3      Depths (5/5) D:15
   Hell (visited)             Dis (0/7) Hell            Geh (0/7) Hell
    Coc (7/7) Hell            Tar (7/7) Hell            Zot (0/5) Depths:5

Altars:
Ashenzari
Cheibriados
Dithmenos
Elyvilon
Fedhas
Gozag
Hepliaklqana
Kikubaaqudgha
Makhleb
Nemelex Xobeh
Okawaru
Qazlal
Ru
Sif Muna
Trog
Uskayaw
Vehumet
Wu Jian
Xom
Yredelemnul
Zin
Beogh
Jiyva
Lugonu

Shops:
D:6 *   D:7 [   D:8 }   Orc:1 }   Orc:2 %*[:(   Elf:1 =   Elf:3 [   Vaults:1 [
Vaults:5 ??!?%%%!   Depths:5 (

Portals:
Hell: Lair:6 Depths:1 Depths:2 Depths:3 Depths:4 Depths:5
Abyss: Depths:1 Depths:3 Depths:4
Pandemonium: Depths:3
Ziggurat: Depths:2

Annotations:
D:8 exclusion: statue
D:15 exclusion: obsidian statue
Lair:1 exclusion: hydra
Lair:4 exclusion: oklob plant
Crypt:1 2 transporters
Depths:2 1 runed translucent door
Tar:7 Ereshkigal


Innate Abilities, Weirdness & Mutations

You cannot wear most types of armour.
You are very stealthy in the water. (Stealth+)
You are amphibious.
You can wear up to eight rings at the same time.
You can use your tentacles to constrict eight enemies at once.
Your skin changes colour to match your surroundings (Stealth+).
Your rubbery body absorbs attacks. (AC +1, EV +1)
Scrolls take you a little longer to read.
Your body sometimes deteriorates upon taking damage.
Potions are less effective at restoring your health.


Message History

The Executioner hits you.
* * * LOW HITPOINT WARNING * * *
The Executioner completely misses you. The Executioner hits you.
* * * LOW HITPOINT WARNING * * *
Unknown command.
Your system partially rejects the healing.
You feel much better.
You constrict the skeletal warrior! You constrict the ice devil.
You block the Executioner's attack. x2
The Executioner completely misses you.
The Executioner hits you but does no damage.
The Executioner barely misses you. You block the Executioner's attack.
Ereshkigal completely misses you.
You riposte.
You completely miss Ereshkigal.
Ereshkigal is severely wounded.
You block the Tzitzimitl's attack. The Tzitzimitl bites you!
* * * LOW HITPOINT WARNING * * *
You block the hellwing's attack. The hellwing completely misses you.
The ice devil barely misses you.
You riposte.
You slash the ice devil!
You kill the ice devil!
You block the reaper's attack. The Executioner hits you!!
You die...

,*,,*,*,,,,**++**,,,,#.#..*,,##..
,**,*,*,,,##....**,,,#.#.##.##..#
,,*,*,**,,#....1,*,,##)#.#..#..##
*,*,,,,*,##.....,**,#.†).#.##.##.
*,*,,,,*,#.....z,,*,#))..#.#.))'.
*,*,,,,*,#....zz,,*,#....#.#.###.
*,*,,,,*,#...zz22,*,#....#.#.#...
,,*,**,**###''2&#####.##.#...#...
*,*+*,,,*#...z5.@1##...#'#)###)..
*,,,*,,,*.....zz14.#...#.).#..###
******,,*..#...z#..#..######..#..
,,,*,*,,,,,#....#.....#,#.):###.#
,,**,**,,,*#....##...##,##:.#....
,**,,,**,**##..#*##.##,,,##)#.###
**,,,,,****,###*,*###,,,,,###.'..
,,,,,,,,,...............,,,,####)
≈≈≈≈≈≈≈≈≈≈≈≈≈≈≈≈≈.......,,,,.....


You could see Ereshkigal, 2 Tzitzimimeh, a reaper, an Executioner, a skeletal
warrior, a hellwing, a tormentor, 6 flying skulls, 2 wights and a shadow imp.

Vanquished Creatures
  Antaeus (Coc:7)
  2 ancient liches (Crypt:3)
  Sojobo (Vaults:2)
  the Lernaean hydra (Swamp:4)
  11 shard shrikes
  Saint Roka (Depths:5)
  Frederick (Vaults:2)
  Margery (Vaults:5)
  Xtahua (Vaults:5)
  Geryon (Hell)
  A curse toe (Crypt:3)
  Jory (Crypt:3)
  4 golden dragons
  Arachne (Spider:3)
  8 bone dragons
  7 doom hounds
  14 Tzitzimimeh
  Jorgrun (D:14)
  A Brimstone Fiend (Tar:1)
  Rupert (Spider:1)
  4 tentacled monstrosities
  10 Ice Fiends
  8 titans
  Asterion (Spider:1)
  3 deep elf blademasters
  6 liches
  5 quicksilver dragons
  Agnes (Vaults:2)
  4 ancient champions
  Murray (Depths:2)
  7 tengu reavers
  4 sphinxes
  A thorn hunter (Swamp:4)
  Gastronok (Lair:3)
  4 eldritch tentacles
  7 shadow dragons
  5 storm dragons
  10 fire giants
  5 emperor scorpions (Spider:4)
  12 vault wardens
  A draconian scorcher (Depths:5)
  3 ghost moths (Spider:4)
  5 orc warlords
  7 deep elf sorcerers
  2 cacodemons
  4 curse skulls
  15 ironheart preservers
  A balrug (Hell)
  6 iron dragons
  7 deep elf elementalists
  9 frost giants
  28 reapers
  2 elemental wellsprings (Coc:4)
  5 ghouls
  21 stone giants
  A caustic shrike skeleton (Crypt:2)
  17 very ugly things
  4 spriggan defenders
  A draconian annihilator (Depths:5)
  8 deep elf demonologists
  5 war gargoyles
  4 entropy weavers
  14 vampire knights
  A green draconian (Depths:5)
  2 lorocyprocas (Depths:2)
  The ghost of Barrydekale the Geomancer, a journeyman GrCj of Vehumet (Orc:1)
  12 spark wasps
  10 deep elf annihilators
  2 purple draconians (Depths:5)
  A white draconian (Depths:5)
  2 yellow draconians (Depths:5)
  A minotaur (shapeshifter) (Depths:2)
  A crystal guardian (Vaults:4)
  A green death (Hell)
  A red draconian (Depths:5)
  10 blizzard demons
  15 ettins
  10 deep elf death magi
  12 yaktaur captains
  3 quicksilver dragon zombies
  5 fire dragons
  5 deep elf high priests
  4 eidola
  13 jiangshi
  2 spectral krakens (Tar:7)
  A kraken zombie (Coc:4)
  5 great orbs of eyes
  32 vault guards
  Fannar (D:11)
  25 ice dragons
  9 rakshasas
  23 hydras
  2 ghost crabs
  16 ogre magi
  4 shambling mangroves
  2 hell beasts
  51 two-headed ogres
  7 centaur warriors
  2 death knights
  20 dancing weapons
  3 spriggan air magi
  20 alligators
  An anaconda (shapeshifter) (Vaults:5)
  The ghost of sirdond the Slinger, a journeyman HaHu of Okawaru (D:10)
  2 death yaks (Lair:3)
  8 spriggan berserkers
  10 deep troll shamans
  3 tengu warriors
  11 hell hogs
  5 orc high priests
  8 deep troll earth magi
  3 titan zombies
  14 vampire magi
  Sonja (Lair:4)
  An iron golem (Hell)
  2 titan skeletons
  16 soul eaters
  7 sun demons
  2 sixfirhies (Depths:2)
  5 shadow wraiths
  3 iron trolls
  17 deep elf knights
  4 small abominations
  4 hell knights
  91 skeletal warriors
  A ghost moth zombie (Tar:7)
  A storm dragon zombie (Tar:1)
  19 shadow demons
  3 storm dragon skeletons
  A salamander mystic (Depths:1)
  8 unseen horrors
  8 swamp dragons
  30 deep trolls
  A golden dragon zombie (Coc:4)
  7 anaconda zombies
  A spriggan druid (Swamp:2)
  A death drake (Tar:7)
  12 deep elf archers
  3 glowing orange brains
  A kraken simulacrum (Hell)
  A wolf spider zombie (Tar:1)
  8 flayed ghosts
  A lindwurm (Lair:1)
  2 golden dragon skeletons
  An anaconda skeleton (Coc:4)
  2 wizards
  32 wolf spiders
  16 phantasmal warriors
  14 necromancers
  18 ironbrand convokers
  4 mana vipers (Depths:2)
  4 harpies (Vaults:3)
  29 orc knights
  16 orb spiders
  54 deep elf magi
  3 manticores
  A mana viper (shapeshifter) (Depths:3)
  5 fire giant zombies
  33 ugly things
  3 shadow dragon skeletons
  12 orc sorcerers
  7 cyclopes
  A sphinx skeleton (Crypt:2)
  An iron dragon zombie (Hell)
  7 moths of wrath
  A shock serpent zombie (Crypt:2)
  2 stone giant zombies
  An iron dragon skeleton (Tar:5)
  5 stone giant skeletons
  3 frost giant zombies
  4 centaur zombies (D:15)
  2 frost giant skeletons
  2 moths of wrath (shapeshifter)
  4 salamanders (Depths:1)
  2 guardian serpents (Spider:2)
  6 smoke demons
  23 elephants
  6 torpor snails
  A spectral iron troll (Crypt:1)
  2 naga magi (D:15)
  13 spectral swamp worms
  5 black mambas
  5 rust devils
  An orc zombie (Vaults:2)
  3 fire giant skeletons
  2 gargoyles
  A shock serpent skeleton (Tar:5)
  4 ice statues
  3 storm dragon simulacra
  2 emperor scorpion zombies
  3 orange demons
  A catoblepas zombie (Crypt:2)
  17 vault sentinels
  A yaktaur zombie (Vaults:3)
  29 spiny frogs
  An alligator snapping turtle zombie (Crypt:2)
  5 rime drakes
  A green draconian zombie (Crypt:3)
  9 hellions
  A redback zombie (D:14)
  3 dire elephant skeletons
  2 efreet (D:14)
  2 spectral deep trolls (Crypt:1)
  10 tormentors
  A komodo dragon (shapeshifter) (Depths:5)
  30 yaktaurs
  15 demonic crawlers
  2 harpy zombies (Tar:6)
  26 freezing wraiths
  4 hellwings
  7 komodo dragons
  30 ice devils
  6 red devils
  3 tengu conjurers
  A catoblepas skeleton (Crypt:3)
  14 hydra zombies
  A meliai (shapeshifter) (D:14)
  A queen bee (Lair:2)
  10 trolls
  A troll (shapeshifter) (Depths:2)
  23 jumping spiders
  A jumping spider (shapeshifter) (Vaults:4)
  A merfolk (shapeshifter) (Elf:3)
  4 silent spectres
  A harpy skeleton (D:15)
  9 tyrant leeches
  2 polar bears (Lair:5)
  3 ettin zombies
  A moth of wrath zombie (Crypt:2)
  30 hornets
  2 alligator zombies
  2 meliai zombies
  2 raiju (Spider:2)
  A spriggan zombie (Depths:2)
  9 blink frogs
  2 fire dragon zombies
  2 fire giant simulacra
  2 stone giant simulacra
  11 bog bodies
  A hippogriff (shapeshifter) (D:13)
  7 hydra skeletons
  A raiju (shapeshifter) (Vaults:5)
  38 slime creatures
  5 ice dragon zombies
  A dream sheep (shapeshifter) (Elf:3)
  38 flying skulls
  6 hippogriffs
  A tarantella (shapeshifter) (D:13)
  63 redbacks
  A dire elephant simulacrum (Coc:2)
  2 fire dragon skeletons
  10 water elementals
  A centaur simulacrum (D:15)
  60 yaks
  A tyrant leech zombie (Swamp:1)
  31 tarantellas
  14 shadows
  3 alligator skeletons (Hell)
  8 large abominations (Depths:4)
  A wyvern (D:10)
  A human (shapeshifter) (Spider:2)
  10 wraiths
  A black mamba skeleton (Coc:6)
  6 ettin skeletons
  9 spriggans
  4 fire bats (Depths:3)
  8 fire elementals
  A golden eye (shapeshifter) (Depths:2)
  2 steam dragons
  2 chaos spawn
  A hog (Spider:2)
  10 vampire mosquitoes
  7 hungry ghosts
  3 basilisks
  A merfolk zombie (Tar:7)
  13 swamp worms
  9 wargs
  7 spiny frog zombies
  A soldier ant (shapeshifter) (Depths:4)
  8 insubstantial wisps
  A naga (shapeshifter) (Depths:5)
  A soldier ant (D:9)
  An acid dragon (Vaults:2)
  A hydra simulacrum (Hell)
  12 porcupines
  A torturous demonspawn zombie (Crypt:2)
  7 water moccasins
  A floating eye (shapeshifter) (Depths:4)
  A gelid demonspawn skeleton (Crypt:1)
  A faun skeleton (Crypt:2)
  3 floating eyes
  50 orc warriors
  20 hell hounds
  15 swamp drakes
  An ice dragon simulacrum (Crypt:2)
  A spiny frog skeleton (Coc:4)
  8 ice beasts
  3 black bears
  3 eyes of draining
  A manticore zombie (Tar:1)
  15 necrophages
  6 sky beasts
  A black mamba simulacrum (Crypt:1)
  6 phantoms
  A tengu (shapeshifter) (Spider:1)
  42 ogres
  10 boggarts
  2 snapping turtle skeletons
  11 wolves
  2 swamp dragon skeletons
  A hog skeleton (Crypt:2)
  10 centaurs
  A manticore skeleton (Tar:4)
  19 crocodiles
  3 big kobolds
  2 earth elementals (Elf:3)
  A human skeleton (Vaults:3)
  A komodo dragon zombie (Swamp:1)
  18 bullfrogs
  An elf skeleton (Tar:6)
  A glowing shapeshifter simulacrum (Vaults:1)
  A hippogriff skeleton (Crypt:3)
  A hornet simulacrum (Vaults:1)
  2 wyvern skeletons
  7 scorpions
  A warg skeleton (Crypt:2)
  27 killer bees
  A snapping turtle simulacrum (Crypt:1)
  21 wights
  2 human simulacra
  A troll zombie (Crypt:3)
  8 electric eels
  2 howler monkeys
  20 crimson imps
  3 bullfrog zombies
  6 jellies
  2 quasits (Depths:3)
  2 bullfrog skeletons (D:5)
  A demonspawn zombie (Crypt:3)
  28 orc priests
  A gnoll shaman (D:6)
  2 hounds
  3 human zombies (Crypt:1)
  11 centaur skeletons
  8 iron imps
  25 orc wizards
  4 iguanas
  5 hell rats (Depths:2)
  8 worker ants
  A porcupine skeleton (Crypt:1)
  An ogre zombie (Crypt:1)
  3 tengu zombies
  A crocodile zombie (Swamp:1)
  A felid skeleton (Crypt:3)
  3 hound zombies
  An ogre skeleton (Crypt:2)
  A tengu skeleton (Coc:7)
  2 hound skeletons
  2 worker ant zombies
  A howler monkey skeleton (D:6)
  11 adders
  6 gnolls
  2 swamp drake zombies (Swamp:1)
  16 shadow imps
  15 white imps
  3 oozes
  4 adder skeletons
  2 adder zombies
  4 worms
  2 leopard geckos
  133 orcs
  3 ball pythons
  3 giant cockroaches
  6 goblins
  13 hobgoblins
  10 jackals
  19 kobolds
  4 quokkas
  9 bats
  6 frilled lizards
  2 jackal zombies
  2 leopard gecko zombies (D:5)
  2 orc skeletons (Crypt:1)
  A quokka zombie (D:5)
  8 rats
  3 crawling corpses (Elf:3)
  A fungus (Lair:6)
  4 tentacles
2902 creatures vanquished.

Vanquished Creatures (collateral kills)
  A hydra (Lair:6)
  2 wolves (Lair:3)
3 creatures vanquished.

Vanquished Creatures (others)
  2 deep elf master archers (Elf:3)
  An eldritch tentacle (Coc:7)
  2 frost giants (Depths:1)
  An elemental wellspring (Coc:1)
  A very ugly thing (Depths:1)
  Nessos (Lair:6)
  8 yaktaur captains
  A vault guard (Vaults:5)
  2 centaur warriors
  A hell hog (Hell)
  A deep elf knight (Vaults:3)
  A deep troll (Depths:4)
  An unseen horror (D:14)
  A deep elf archer (Elf:3)
  An orc knight (Vaults:4)
  A deep elf mage (Elf:1)
  A wolf spider (Vaults:2)
  2 cyclopes
  A vault sentinel (Vaults:5)
  12 yaktaurs
  A tarantella (Spider:4)
  A human (D:13)
  A chaos spawn (D:15)
  A porcupine (D:11)
  A necrophage (Crypt:1)
  4 centaurs
  4 ogres
  A hell rat (Hell)
  A shadow imp (D:15)
  A white imp (D:15)
  2 orcs
  2 kobolds (D:11)
  2 bushes
  23 fungi
  25 plants
  15 tentacles
127 creatures vanquished.

Grand Total: 3032 creatures vanquished

Notes
Turn   | Place    | Note
-------+----------+-------------------------------------------
     0 | D:1      | MisterFreud the Octopode Gladiator began the quest for the
                  | Orb.
     0 | D:1      | Reached XP level 1. HP: 14/14 MP: 1/1
    93 | D:1      | Reached XP level 2. HP: 19/19 MP: 2/2
   618 | D:2      | Reached XP level 3. HP: 23/24 MP: 3/3
   649 | D:2      | Found an ancient bone altar of Kikubaaqudgha.
  1081 | D:2      | Reached XP level 4. HP: 25/29 MP: 4/4
  1119 | D:2      | Found a hide-covered altar of Uskayaw.
  1405 | D:3      | Noticed an ogre
  1412 | D:3      | Reached skill level 5 in Long Blades
  1423 | D:3      | Killed an ogre
  1423 | D:3      | Reached XP level 5. HP: 7/34 MP: 5/5
  1786 | D:3      | Found a sparkling altar of Nemelex Xobeh.
  1786 | D:3      | Found a blossoming altar of Fedhas.
  1880 | D:3      | Found a stormy altar of Qazlal.
  1881 | D:3      | Found a hazy altar of Hepliaklqana.
  1885 | D:3      | Found an ornate altar of the Wu Jian Council.
  2181 | D:3      | Reached XP level 6. HP: 35/39 MP: 6/6
  2836 | D:4      | Found a shimmering blue altar of Sif Muna.
  3174 | D:4      | Reached skill level 5 in Dodging
  3266 | D:5      | Entered Level 5 of the Dungeon
  3559 | D:5      | Reached XP level 7. HP: 29/45 MP: 7/7
  4412 | D:5      | Reached XP level 8. HP: 44/50 MP: 8/8
  5479 | D:6      | Reached skill level 1 in Shields
  5879 | D:6      | Found Xuata's Serpentskin Sales.
  5884 | D:6      | Reached skill level 2 in Shields
  6003 | D:7      | Reached skill level 3 in Shields
  6011 | D:7      | Reached XP level 9. HP: 19/54 MP: 9/9
  6439 | D:7      | Found a glowing silver altar of Zin.
  6472 | D:7      | Found a basalt altar of Yredelemnul.
  6477 | D:7      | Reached skill level 4 in Shields
  6509 | D:7      | Found Niorph's Antique Armour Emporium.
  6517 | D:7      | Bought an embroidered hat for 196 gold pieces
  6646 | D:7      | Found a shadowy altar of Dithmenos.
  6677 | D:7      | Found a staircase to the Ecumenical Temple.
  6686 | Temple   | Entered the Ecumenical Temple
  6869 | Temple   | Became a worshipper of Cheibriados the Contemplative
  7076 | D:8      | Reached skill level 10 in Dodging
  7361 | D:8      | Reached skill level 5 in Shields
  7409 | D:8      | Found Host's Gadget Shoppe.
  7565 | D:8      | Reached skill level 6 in Shields
  7568 | D:8      | Reached * piety under Cheibriados
  8205 | D:8      | Found a radiant altar of Vehumet.
  8453 | D:9      | Reached skill level 7 in Shields
  8890 | D:9      | Reached ** piety under Cheibriados
  8895 | D:9      | Reached skill level 8 in Shields
  9136 | D:9      | Reached XP level 10. HP: 60/60 MP: 10/10
  9140 | D:9      | Reached skill level 9 in Shields
  9498 | D:9      | Reached skill level 1 in Invocations
  9634 | D:10     | Entered Level 10 of the Dungeon
  9644 | D:10     | Reached skill level 1 in Evocations
  9648 | D:10     | Reached *** piety under Cheibriados
  9782 | D:10     | Found a transporter.
  9783 | D:10     | Found a bloodstained altar of Trog.
  9783 | D:10     | Noticed a moth of wrath
  9783 | D:10     | Noticed sirdond's ghost (journeyman HaHu)
  9784 | D:10     | Identified the +11 dire flail of Ide Cuxa {speed, rN++
                  | Str+6 Dex-3}
  9784 | D:10     | Noticed a two-headed ogre
  9791 | D:10     | Found a transporter.
  9794 | D:10     | Noticed a cyclops
  9804 | D:10     | Learned a level 6 spell: Statue Form
 10235 | D:10     | Found a glowing silver altar of Zin.
 10564 | D:11     | Reached XP level 11. HP: 69/69 MP: 13/13
 10641 | D:11     | Reached **** piety under Cheibriados
 10648 | D:11     | Noticed a two-headed ogre
 10655 | D:11     | Killed a two-headed ogre
 10655 | D:11     | Reached skill level 10 in Shields
 10863 | D:11     | Noticed a white ugly thing
 10874 | D:11     | Killed a white ugly thing
 10875 | D:11     | Noticed a purple ugly thing
 11028 | D:11     | Killed a purple ugly thing
 11096 | D:11     | Noticed Fannar
 11128 | D:11     | Killed Fannar
 11128 | D:11     | Reached skill level 5 in Fighting
 11128 | D:11     | Reached skill level 5 in Invocations
 11408 | D:11     | Found a staircase to the Lair.
 11604 | D:11     | Reached ***** piety under Cheibriados
 11760 | D:11     | Found a staircase to the Orcish Mines.
 11937 | Lair:1   | Entered Level 1 of the Lair of Beasts
 12018 | Lair:1   | Found a dark tunnel.
 12018 | Lair:1   | Noticed a lindwurm
 12028 | Lair:1   | Killed a lindwurm
 12028 | Lair:1   | Reached skill level 1 in Spellcasting
 12028 | Lair:1   | Reached skill level 1 in Transmutations
 12028 | Lair:1   | Reached skill level 1 in Earth Magic
 12028 | Lair:1   | Reached XP level 12. HP: 50/79 MP: 16/16
 12235 | Lair:1   | Reached skill level 11 in Shields
 12344 | Lair:1   | Noticed a five-headed hydra
 13742 | D:6      | Bought an uncursed ring of poison resistance for 260 gold
                  | pieces
 13963 | Lair:2   | Reached ****** piety under Cheibriados
 14321 | Lair:2   | Found a staircase to the Swamp.
 14598 | Lair:3   | Noticed Gastronok
 14607 | Lair:3   | Killed Gastronok
 14859 | Lair:3   | Noticed a seven-headed hydra
 14863 | Lair:3   | Killed a seven-headed hydra
 14863 | Lair:3   | Reached XP level 13. HP: 62/83 MP: 19/19
 15267 | Lair:3   | Reached skill level 5 in Earth Magic
 15367 | Lair:3   | Reached skill level 10 in Long Blades
 15367 | Lair:3   | Reached skill level 5 in Transmutations
 15744 | Lair:3   | Reached skill level 12 in Shields
 15810 | Lair:3   | Reached skill level 5 in Spellcasting
 16587 | Lair:4   | Noticed Sonja
 16597 | Lair:4   | Killed Sonja
 16637 | Lair:4   | Found a hole to the Spider Nest.
 16964 | Lair:4   | Reached XP level 14. HP: 90/90 MP: 21/21
 16965 | Lair:4   | Reached skill level 14 in Shields
 16965 | Lair:4   | Reached XP level 15. HP: 94/94 MP: 22/22
 17676 | Lair:5   | Found a staircase to the Slime Pits.
 17684 | Lair:5   | Found a viscous altar of Jiyva.
 18195 | Lair:6   | Entered Level 6 of the Lair of Beasts
 18833 | Lair:6   | Reached skill level 15 in Shields
 18835 | Lair:6   | Noticed Nessos
 18838 | Lair:6   | Killed Nessos
 18838 | Lair:6   | Reached XP level 16. HP: 59/99 MP: 19/23
 19534 | Lair:6   | Found a burning altar of Makhleb.
 19946 | Lair:6   | Found a gateway to Hell.
 20633 | Orc:1    | Entered Level 1 of the Orcish Mines
 20938 | Orc:1    | Found Teraesa's Gadget Shoppe.
 20969 | Orc:1    | Found a runed translucent door.
 20970 | Orc:1    | Noticed Barrydekale's ghost (journeyman GrCj)
 21111 | Orc:2    | Entered Level 2 of the Orcish Mines
 21131 | Orc:2    | Gained mutation: Potions are less effective at restoring
                  | your health. [a neqoxec]
 21432 | Orc:2    | Found a staircase to the Elven Halls.
 21469 | Orc:2    | Found Xitrejia's Food Shop.
 21472 | Orc:2    | Found a roughly hewn altar of Beogh.
 22377 | Orc:2    | Found Nequom's Antique Armour Shoppe.
 22378 | Orc:2    | Found Jyqed's Antique Weapon Emporium.
 22379 | Orc:2    | Found Nykary's General Store.
 22379 | Orc:2    | Found Omisen's Book Shoppe.
 22406 | Orc:2    | Bought a scroll of identify for 26 gold pieces
 22406 | Orc:2    | Bought a scroll of blinking for 97 gold pieces
 22406 | Orc:2    | Bought the ring "Iggiloess" {rC+++ SInv} for 741 gold
                  | pieces
 22631 | D:12     | Reached skill level 10 in Transmutations
 22636 | D:12     | Reached skill level 10 in Earth Magic
 23181 | D:12     | Found an opulent altar of Gozag.
 23198 | D:12     | Found a roughly hewn altar of Beogh.
 23345 | D:12     | Found a shimmering blue altar of Sif Muna.
 24628 | D:13     | Reached XP level 17. HP: 103/105 MP: 29/29
 24770 | D:13     | Found a gate to the Vaults.
 25132 | D:14     | Noticed Jorgrun
 25144 | D:14     | Killed Jorgrun
 25640 | D:15     | Entered Level 15 of the Dungeon
 25927 | D:15     | Found a staircase to the Depths.
 26065 | D:15     | Got an ancient great sword
 26614 | Spider:1 | Entered Level 1 of the Spider Nest
 26734 | Spider:1 | Identified the +1 shield of the Midnight Sun {+Fly rPois
                  | rN+}
 26734 | Spider:1 | Noticed Asterion
 26744 | Spider:1 | HP: 2/140 [balrug/divine providence[Asterion] (13)]
 26746 | Spider:1 | Killed Asterion
 26960 | Spider:1 | Noticed Rupert
 27074 | Spider:1 | Learned a level 2 spell: Blink
 27122 | Spider:1 | Reached skill level 1 in Translocations
 27172 | Spider:1 | Killed Rupert
 28174 | Spider:2 | Reached XP level 18. HP: 118/118 MP: 30/30
 28695 | Spider:3 | Reached skill level 10 in Fighting
 29386 | Spider:4 | Entered Level 4 of the Spider Nest
 29396 | Spider:4 | Noticed Arachne
 29438 | Spider:3 | Killed Arachne
 30395 | Spider:4 | Identified a scroll of acquirement
 30402 | Spider:4 | Identified Ekewnig's Catalogue of Creation and
                  | Transmigration (You acquired it on level 4 of the Spider
                  | Nest)
 30579 | Spider:4 | Reached skill level 10 in Invocations
 30612 | Spider:4 | Got a gossamer rune of Zot
 31076 | Swamp:1  | Entered Level 1 of the Swamp
 31119 | Lair:2   | Reached XP level 19. HP: 128/128 MP: 31/31
 31315 | Swamp:1  | Found a radiant altar of Vehumet.
 32377 | Swamp:2  | Learned a level 3 spell: Lesser Beckoning
 33420 | Swamp:3  | Found a white marble altar of Elyvilon.
 33541 | Swamp:4  | Entered Level 4 of the Swamp
 33564 | Swamp:4  | Reached skill level 5 in Translocations
 33796 | Swamp:4  | Noticed the 27-headed Lernaean hydra
 34082 | Swamp:4  | Killed the 24-headed Lernaean hydra
 34515 | Swamp:4  | Got a decaying rune of Zot
 34916 | D:10     | Killed sirdond's ghost
 34921 | D:10     | Reached XP level 20. HP: 143/143 MP: 27/32
 35048 | Orc:1    | Killed Barrydekale's ghost
 35186 | Vaults:1 | Entered Level 1 of the Vaults
 35190 | Vaults:1 | Found Kyzoifis's Armour Shoppe.
 35217 | Vaults:1 | Bought a +0 hat of magic resistance for 176 gold pieces
 35485 | Vaults:1 | Reached skill level 15 in Fighting
 35626 | Vaults:1 | Identified the +3 robe of the Solstice {Str+3}
 35967 | Vaults:1 | Identified the +1 great sword "Baplem" {flame, rN+++ Str+2
                  | Dex-3} (You found it on level 15 of the Dungeon)
 36509 | Vaults:2 | Found a staircase to the Crypt.
 36676 | Vaults:2 | Noticed Frederick
 36676 | Vaults:2 | Noticed Agnes
 36676 | Vaults:2 | Noticed Sojobo
 36686 | Vaults:2 | Killed Frederick
 36694 | Vaults:2 | Killed Agnes
 36703 | Vaults:2 | Killed Sojobo
 37044 | Vaults:2 | Identified Hier's Early Guide to Spellcraft
 37179 | Vaults:2 | Reached skill level 10 in Translocations
 37569 | Vaults:2 | Reached XP level 21. HP: 153/153 MP: 33/33
 39537 | Vaults:4 | Identified the +3 great sword of Aqufoj {antimagic, rElec}
                  | (You found it on level 4 of the Vaults)
 39647 | Vaults:4 | Learned a level 3 spell: Regeneration
 39674 | Vaults:4 | Reached skill level 1 in Necromancy
 39799 | Vaults:4 | Reached XP level 22. HP: 160/160 MP: 35/35
 40568 | Elf:1    | Entered Level 1 of the Elven Halls
 40659 | Elf:1    | Found a shimmering blue altar of Sif Muna.
 40830 | Elf:1    | Found Qusy's Jewellery Boutique.
 41183 | Elf:1    | Identified the Incunabulum of Supportive Attacks
 41374 | Elf:1    | Found a portal to a secret trove of treasure.
 41611 | Elf:2    | Found a runed translucent gate.
 41611 | Elf:2    | Found a runed translucent gate.
 41612 | Elf:2    | Found a runed translucent gate.
 42437 | Elf:2    | Reached skill level 10 in Spellcasting
 42889 | Elf:3    | Entered Level 3 of the Elven Halls
 43221 | Elf:3    | Reached skill level 5 in Necromancy
 43656 | Elf:3    | Identified the amulet of the Four Suns {Gourm *Corrode
                  | Int+4} (You found it on level 3 of the Elven Halls)
 43660 | Elf:3    | Identified the ring of Midwinter {rPois rF+} (You found it
                  | on level 3 of the Elven Halls)
 43663 | Elf:3    | Identified the ring of Eternal Harmony {+Fly Int+4 Slay+3}
                  | (You found it on level 3 of the Elven Halls)
 43874 | Elf:3    | Reached XP level 23. HP: 165/165 MP: 37/37
 44172 | Elf:3    | Found Baquddoa's Armour Shop.
 44464 | Depths:1 | Entered Level 1 of the Depths
 45291 | Depths:1 | Found a one-way gate to the infinite horrors of the Abyss.
 45570 | Depths:2 | Reached skill level 15 in Dodging
 45763 | Depths:2 | Identified the ring of the Sparrow {*Corrode +Fly Str+7
                  | Dex+3}
 45947 | Depths:2 | Reached skill level 15 in Earth Magic
 45954 | Depths:2 | Reached skill level 15 in Transmutations
 46146 | Depths:2 | Found a gateway to a ziggurat.
 46351 | Depths:2 | Reached XP level 24. HP: 171/171 MP: 39/39
 46603 | Depths:2 | Found a runed translucent door.
 46662 | Depths:2 | Found a runed translucent door.
 47009 | Depths:3 | Found a one-way gate leading to the halls of Pandemonium.
 47063 | Depths:3 | Found a stormy altar of Qazlal.
 47166 | Depths:3 | Found a corrupted altar of Lugonu.
 48126 | Depths:3 | Upgraded the game from 0.25-a0-97-g19cdb01801 to
                  | 0.25-a0-98-g0cf78c2f83
 48378 | Depths:4 | Paralysed by a floating eye for 4 turns
 48636 | Depths:4 | Paralysed by a floating eye for 2 turns
 48730 | Depths:4 | Reached skill level 15 in Spellcasting
 49221 | Depths:5 | Entered Level 5 of the Depths
 49241 | Depths:4 | Reached skill level 16 in Shields
 49334 | Depths:5 | Found Jiocheot's Antique Weapon Shop.
 49345 | Depths:5 | Reached XP level 25. HP: 177/177 MP: 42/42
 49579 | Depths:5 | Reached skill level 17 in Shields
 49707 | Depths:5 | Noticed Saint Roka
 49761 | Depths:5 | Killed Saint Roka
 49763 | Depths:5 | Upgraded the game from 0.25-a0-98-g0cf78c2f83 to
                  | 0.25-a0-100-g33052ceff8
 49973 | Depths:5 | Found a gate to the Realm of Zot.
 49990 | Depths:5 | Reached skill level 18 in Shields
 50671 | Crypt:1  | Entered Level 1 of the Crypt
 50734 | Crypt:1  | Identified the cursed +2 war axe "Aqycw" {protect, *Drain
                  | rC+++ Str+5 Int-3}
 50879 | Crypt:1  | Found a transporter.
 50942 | Crypt:1  | Found a transporter.
 51026 | Crypt:1  | Reached skill level 19 in Shields
 51168 | Crypt:1  | You fall into a shaft and drop 1 floor!
 51895 | Crypt:2  | Found the +10 morningstar "Eos" {elec, Halo rElec}
 52166 | Crypt:3  | Entered Level 3 of the Crypt
 52226 | Crypt:3  | Reached XP level 26. HP: 121/183 MP: 42/42
 52227 | Crypt:3  | Reached skill level 20 in Shields
 52513 | Crypt:3  | Noticed Jory
 52521 | Crypt:3  | Killed Jory
 52573 | Crypt:3  | Found a staircase to the Tomb.
 52822 | Crypt:3  | Noticed an ancient lich
 52822 | Crypt:3  | Noticed an ancient lich
 52852 | Crypt:3  | Learned a level 5 spell: Aura of Abjuration
 52865 | Crypt:3  | Identified Ison's Handbook of Bewitching Changing
 52870 | Crypt:3  | Killed an ancient lich
 52872 | Crypt:3  | Killed an ancient lich
 52872 | Crypt:3  | Reached skill level 21 in Shields
 52879 | Crypt:3  | Identified the Volume of Black Rites
 53432 | Hell     | Entered the Vestibule of Hell
 53432 | Hell     | Noticed Geryon
 53495 | Hell     | Noticed Murray
 53612 | Hell     | Reached skill level 5 in Summonings
 53618 | Depths:2 | Killed Murray
 54077 | Hell     | Killed Geryon
 54551 | Elf:1    | You paid a toll of the horn of Geryon to enter a treasure
                  | trove
 54552 | Trove    | Entered a treasure trove
 54573 | Trove    | Reached XP level 27. HP: 189/189 MP: 42/42
 54579 | Trove    | Found the brooch of Shielding {Reflect SH+8}
 54580 | Trove    | Got a steaming ivory amulet
 54582 | Trove    | Got a bound graven amulet
 54606 | Trove    | Found the +2 hat of the Bear Spirit {Spirit, +Rage rN+
                  | MR++}
 54610 | Trove    | Got a scorched shield
 54649 | Elf:1    | Identified the -2 shield "Zemyarop" {rN++ Str+3} (You found
                  | it in a treasure trove)
 54650 | Elf:1    | Identified the amulet "Kocipisk" {Acrobat Dex+9} (You found
                  | it in a treasure trove)
 54651 | Elf:1    | Identified the amulet "Luweach" {+Rage rElec rPois Int+3
                  | Slay+3} (You found it in a treasure trove)
 55126 | Vaults:5 | Entered Level 5 of the Vaults
 55129 | Vaults:5 | Found Xakkixi's Food Shop.
 55143 | Vaults:5 | Found Uwustiytz's Magic Scroll Shoppe.
 55199 | Vaults:5 | Bought a scroll of teleportation for 45 gold pieces
 55199 | Vaults:5 | Bought a scroll of identify for 30 gold pieces
 55199 | Vaults:5 | Bought a scroll of teleportation for 45 gold pieces
 55199 | Vaults:5 | Bought a scroll of blinking for 112 gold pieces
 55199 | Vaults:5 | Bought a scroll of teleportation for 45 gold pieces
 55199 | Vaults:5 | Bought a scroll of identify for 30 gold pieces
 55217 | Vaults:5 | Got a silver rune of Zot
 55281 | Vaults:5 | Found Qalukukk's Magic Scroll Boutique.
 55281 | Vaults:5 | Found Joegydim's Magic Scroll Emporium.
 55281 | Vaults:5 | Noticed Xtahua
 55290 | Vaults:5 | Killed Xtahua
 55313 | Vaults:5 | Bought a scroll of identify for 26 gold pieces
 55313 | Vaults:5 | Bought a scroll of identify for 26 gold pieces
 55313 | Vaults:5 | Bought a scroll of blinking for 97 gold pieces
 55313 | Vaults:5 | Bought a scroll of identify for 26 gold pieces
 55313 | Vaults:5 | Bought a scroll of teleportation for 39 gold pieces
 55330 | Vaults:5 | Found Cyufokeb's Distillery.
 55331 | Vaults:5 | Bought a scroll of teleportation for 48 gold pieces
 55331 | Vaults:5 | Bought a scroll of teleportation for 48 gold pieces
 55331 | Vaults:5 | Bought a scroll of enchant armour for 120 gold pieces
 55331 | Vaults:5 | Bought a scroll of fog for 32 gold pieces
 55331 | Vaults:5 | Bought a scroll of teleportation for 48 gold pieces
 55331 | Vaults:5 | Bought a scroll of teleportation for 48 gold pieces
 55331 | Vaults:5 | Bought a scroll of blinking for 120 gold pieces
 55331 | Vaults:5 | Bought a scroll of identify for 32 gold pieces
 55331 | Vaults:5 | Bought a scroll of identify for 32 gold pieces
 55386 | Vaults:5 | Reached skill level 22 in Shields
 55395 | Vaults:5 | Reached skill level 10 in Summonings
 55483 | Vaults:5 | Bought a potion of brilliance for 68 gold pieces
 55483 | Vaults:5 | Bought a potion of heal wounds for 85 gold pieces
 55548 | Vaults:5 | Identified the ring of Hifaog {rN+++ Int+5 Dex+8 Stlth-}
 55919 | Vaults:5 | Reached skill level 23 in Shields
 56313 | Vaults:5 | Noticed Margery
 56319 | Vaults:5 | Killed Margery
 56619 | Vaults:5 | Reached skill level 24 in Shields
 56623 | Vaults:5 | Found Oshregro's Food Shop.
 56623 | Vaults:5 | Found Lumin's Food Shoppe.
 56637 | Vaults:5 | Identified the +6 spear of Urowuu {flame, rF++ SInv}
 56650 | Vaults:5 | Found Ankaepas's Distillery.
 56654 | Vaults:5 | Bought a potion of invisibility for 152 gold pieces
 56654 | Vaults:5 | Bought a potion of brilliance for 76 gold pieces
 56654 | Vaults:5 | Bought a potion of heal wounds for 95 gold pieces
 56654 | Vaults:5 | Bought a potion of ambrosia for 152 gold pieces
 56654 | Vaults:5 | Bought a potion of cancellation for 152 gold pieces
 56654 | Vaults:5 | Bought 2 potions of cancellation for 304 gold pieces
 57441 | Hell     | Found a gateway to the ashen valley of Gehenna.
 57525 | Hell     | Found a gateway to the freezing wastes of Cocytus.
 57626 | Hell     | Found a gateway to the decaying netherworld of Tartarus.
 57783 | Hell     | Found a gateway to the Iron City of Dis.
 57825 | Coc:1    | Entered Level 1 of Cocytus
 57940 | Coc:1    | Reached skill level 25 in Shields
 57979 | Coc:1    | Reached skill level 1 in Charms
 58166 | Coc:3    | You fall into a shaft and drop 1 floor!
 58434 | Coc:4    | Reached skill level 5 in Charms
 58436 | Coc:4    | You fall into a shaft and drop 2 floors!
 58556 | Coc:7    | Entered Level 7 of Cocytus
 58951 | Coc:7    | Reached skill level 10 in Necromancy
 59113 | Coc:7    | Reached skill level 10 in Charms
 59265 | Coc:7    | Noticed Antaeus
 59296 | Coc:7    | Killed Antaeus
 59368 | Coc:7    | Got an icy rune of Zot
 59547 | Tar:1    | Entered Level 1 of Tartarus
 60509 | Tar:7    | Entered Level 7 of Tartarus
 61121 | Tar:7    | Identified Sif Muna's Volume of Creation
 61129 | Tar:7    | Identified Jeecruad's Reference Book on Conjuration and
                  | Earth
 61165 | Tar:7    | Gained mutation: Scrolls take you a little longer to read.
                  | [mutagenic glow]
 61184 | Tar:7    | Gained mutation: Your body sometimes deteriorates upon
                  | taking damage. [mutagenic glow]
 61242 | Tar:7    | Noticed Ereshkigal
 61266 | Tar:7    | HP: 9/200 [Executioner[Ereshkigal] (2)]
 61267 | Tar:7    | Demolished by an Executioner

Levels and vault maps discovered:
D:1:      wander_arrival_desolate, layout_loops_ring
D:2:      layout_basic, lemuel_crystal_altar, nicolae_overflow_crystal_walls,
          minmay_pentomino_t2
D:3:      layout_rooms, chequers_temple_overflow_statue_of_worship,
          overflow_temple_1_default, serial_curves, eino_curves_03,
          eino_curves_03
D:4:      minmay_angry_zag, layout_loops_ring, old_standard_altar, first_ration,
          grunt_decor_fettered
D:5:      layout_rooms, dk_noncrumbling_4, nzn_random_ring
D:6:      layout_loops_ring, guppyfry_shop_venom
D:7:      layout_cave_pools, overflow_temple_1_default,
          lemuel_coloured_pillars_altar, temple_hall, serial_shops,
          nicolae_shop_statue_plus, basic_altar
D:8:      layout_basic, vehumet_statue, serial_shops, shop
D:9:      layout_basic
D:10:     layout_loops_ring, basic_altar, gammafunk_ghost_wrathful_warriors
D:11:     layout_basic, minmay_lair_entry_grove, orc_0_dummy, grunt_tengu_nest,
          uniq_fannar
D:12:     layout_roguey, special_room [special_room_orc], basic_altar,
          grunt_decor_mini_mirrors, chequers_serial_rivers_room_a,
          lemuel_centaur_altar
D:13:     layout_small_grid, grunt_vaults_entry_fortified, st_stairs_9,
          nicolae_straight_to_the_point
D:14:     layout_roguey, nicolae_two_hexagons, uniq_jorgrun
D:15:     grunt_enter_depths_magical_seal, layout_loops_ring, st_stairs_14,
          minmay_misc_feat_four_crosses, minmay_misc_feat_room,
          hangedman_devilish_allure
Temple:   minmay_temple_curvy_loop
Lair:1:   layout_cave_pods, nicolae_volcano_entry_vermiform, st_stairs_7
Lair:2:   layout_misc_corridors, nicolae_swamp_entry_splash_gauntlet,
          special_room [special_room_bee], serial_bayou_shore_b
Lair:3:   layout_cave_pods, grunt_megastairs_3, uniq_gastronok
Lair:4:   layout_roguey, spider_nest_entry_funnel_web,
          minmay_lair_oklob_chamber, uniq_sonja
Lair:5:   layout_long_grid, slime_altar_1, serial_bayou_shore_a,
          infiniplex_staircase_pool, lemuel_fruit_fields
Lair:6:   evil_forest, layout_gridlike, uniq_nessos
Swamp:1:  layout_falls_marsh, lemuel_altar_in_water,
          nicolae_swamp_necromancer_hut
Swamp:2:  layout_basic_swamp, evilmike_swamp_ruin_house_4
Swamp:3:  layout_falls_marsh, nicolae_swamp_godswood, swamp_pool2,
          nicolae_swamp_alligator_family
Swamp:4:  swamp_old_school, layout_basic_swamp, swamp_pool5
Spider:1: nicolae_spider_hall_of_the_moth_king, uniq_asterion, uniq_rupert
Spider:2: layout_spider_delve, drop_trap, nicolae_orb_stairs
Spider:3: layout_spider_delve, nicolae_spider_cling_ruins
Spider:4: spider_rune_water, drop_trap, uniq_arachne
Orc:1:    layout_caves, serial_shops, nicolae_shop_statue_plus,
          gammafunk_ghost_grave
Orc:2:    st_orc_congregation, layout_caves, serial_shops, shop, basic_altar,
          nicolae_orc_sculptors_studio, mines5_lemuel
Elf:1:    minmay_elf_arrival_summoners, layout_geoelf_grid, serial_shops, shop,
          nicolae_trove_entry_columns, basic_altar, minmay_elf_sorcery
Elf:2:    layout_rooms, serial_co_window_serial, co_window_paths_a,
          co_window_of_opportunity_a, co_window_corner_a, co_window_corner_a,
          co_window_of_opportunity_a, co_window_paths_a,
          co_window_of_opportunity_b, co_window_corner_b,
          co_window_of_opportunity_b, co_window_broadway_c, co_window_corner_cb,
          co_window_paths_d, glass_columns_a
Elf:3:    grunt_elf_hall_diamonds, layout_geoelf_castle, serial_shops,
          nicolae_shop_competitors_out_of_business
Vaults:1: hangedman_vaults_corner, nicolae_vaults_ring_of_whatevers,
          nicolae_vaults_display_case, v_misc_5, serial_ice_b,
          layout_vaults_quadrants, serial_shops, shop
Vaults:2: hangedman_vaults_maws, sword_in_stone, v_rooms_5, v_misc_5, v_misc_15,
          v_misc_28, nicolae_vaults_little_squares_6, vaults_room_large_hall,
          nicolae_vaults_yaktaur_gun_rack, vaults_room_stairs_pillars,
          layout_vaults_omnicross, minmay_crypt_entry_simple_corners
Vaults:3: ontoclasm_vaults_claustrophobia, v_misc_12, ontoclasm_vaults_chip,
          grunt_vaults_trifunnel, nicolae_vaults_circle_grid_a,
          nicolae_vaults_windows_and_doors_thing, ontoclasm_vaults_idyll,
          v_misc_9, nicolae_vaults_big_angled_halls, layout_vaults_omnibox
Vaults:4: v_misc_13, st_octagons_2, v_misc_27, hangedman_vaults_cutoff,
          hangedman_vaults_stagger, v_misc_8, v_alt_pattern_6, v_misc_12,
          nicolae_vaults_specimen_jars, hangedman_vaults_maws,
          ontoclasm_vaults_decontamination, layout_vaults_ring
Vaults:5: uniq_margery, uniq_xtahua
Crypt:1:  gammafunk_its_a_trap, layout_rooms, hex_medium, skrybe_necro_troll_2
Crypt:2:  layout_regular_city
Crypt:3:  david_glass_crypt, layout_rooms, nicolae_tomb_entry_rubble_hallway,
          uniq_jory
Depths:1: layout_gridlike, hellmouth_3, abyss_entry, kennysheep_another_room,
          hangedman_decor_riveting, grunt_ministairs_8, minivault_1,
          lemuel_flamethrower_hall
Depths:2: cheibrodos_witchhunters_guild, layout_cave_pools, enter_ziggurat_d,
          grunt_mini_vestibule, solitary_fountain
Depths:3: minmay_box_of_curves, layout_basic, hellmouth_1,
          abyss_entry_flame_altar, basic_altar, grunt_pan_entry_sceptre,
          infiniplex_staircase_zigzag_2
Depths:4: hangedman_arrow_trap, layout_gridville, minmay_room_of_horrors,
          hell_entry, uniq_frederick
Depths:5: grunt_zot_entry_gee_three, layout_cross, pf_hell_entry_tar_river,
          serial_shops, shop_fountains, minmay_misc_feat_enclosed,
          uniq_saint_roka
Hell
Coc:1:    layout_cocytus_water_paths
Coc:2:    layout_ice_bergs
Coc:3:    layout_cocytus_water_paths
Coc:4:    layout_cocytus_water_paths
Coc:6:    layout_ice_bergs
Coc:7:    coc_mu
Tar:1:    layout_grid_maze
Tar:2:    layout_grid_maze
Tar:3:    layout_grid_maze
Tar:4:    layout_cathedral_of_symmetry, nicolae_tar_cuneiform_sun,
          nicolae_tar_cuneiform_oil
Tar:5:    layout_catacombs, nicolae_tar_cuneiform_to_be,
          nicolae_tar_cuneiform_bread
Tar:6:    layout_grid_maze
Tar:7:    tar_minmay_river

Skill      XL: |  1  2  3  4  5  6  7  8  9 10 11 12 13 14 15 16 17 18 19 20 21 22 23 24 25 26 27 |
---------------+----------------------------------------------------------------------------------+-----
Long Blades    | 4 5 6 7 8 9 10 12 14 | 14.0
Dodging        | 5 7 9 10 13 14 15 16 19 | 19.7
Shields        | 3 8 9 10 11 12 14 15 16 19 21 25 | 25.0
Invocations    | 3 6 10 12 | 12.0
Evocations     | 3 4 |  4.0
Fighting       | 4 6 9 11 14 16 19 | 19.7
Spellcasting   | 1 4 5 8 9 10 12 15 | 15.0
Transmutations | 1 4 7 8 11 12 13 15 | 15.0
Earth Magic    | 1 4 7 8 11 12 13 15 | 15.0
Translocations | 3 5 10 | 10.0
Necromancy     | 1 5 10 | 10.1
Summonings     | 6 10 | 10.0
Charms         | 10 | 10.0
Throwing       | |  2.0

Action                   |  1- 3 |  4- 6 |  7- 9 | 10-12 | 13-15 | 16-18 | 19-21 | 22-24 | 25-27 || total
-------------------------+-------+-------+-------+-------+-------+-------+-------+-------+-------++-------
Melee: Long sword        |    56 |   100 |   305 |   527 |   415 |  1219 |  1196 |   931 |       ||  4749
       Constrict         |    17 |    34 |    72 |    84 |    13 |   276 |   185 |   193 |   444 ||  1318
       Tentacles         |     9 |    29 |    84 |   265 |   235 |   672 |   606 |   551 |  1065 ||  3516
       Demon blade       |       |       |       |       |       |       |       |   141 |  2382 ||  2523
Throw: Stone             |       |       |       |     9 |     9 |    17 |     1 |       |       ||    36
 Cast: Statue Form       |       |       |       |       |     1 |    75 |   106 |    89 |   157 ||   428
       Lesser Beckoning  |       |       |       |       |       |       |    39 |   102 |   193 ||   334
       Blink             |       |       |       |       |       |       |       |       |     1 ||     1
       Regeneration      |       |       |       |       |       |       |       |       |    36 ||    36
Invok: Slouch            |       |       |       |     1 |       |     9 |     4 |     3 |     7 ||    24
 Abil: Evoke Flight      |       |       |       |       |       |       |       |     1 |       ||     1
Evoke: Wand              |       |       |     1 |     5 |    11 |    42 |     3 |     2 |     1 ||    65
       Phial of floods   |       |       |       |     1 |     1 |       |       |       |       ||     2
  Use: Scroll            |       |    10 |     8 |     5 |     2 |    14 |     9 |    12 |    13 ||    73
       Potion            |       |     1 |     3 |     3 |     3 |    10 |       |       |    11 ||    31
 Stab: Sleeping          |     6 |     8 |    12 |    13 |     3 |    16 |     8 |     4 |     4 ||    74
       Distracted        |       |       |     1 |     2 |     2 |     1 |       |     2 |     4 ||    12
       Paralysed         |       |       |       |    12 |       |     1 |       |       |       ||    13
       Invisible         |       |       |       |       |       |     1 |       |       |       ||     1
       Confused          |       |       |       |       |       |       |       |     1 |       ||     1
  Eat: Chunk             |     1 |     7 |    16 |    10 |     8 |    41 |    46 |    33 |    14 ||   176
       Ration            |       |       |       |       |       |     2 |     2 |       |     5 ||     9
Armor: Skin              |     4 |     4 |     9 |    40 |    75 |   373 |   469 |   344 |   448 ||  1766
Dodge: Dodged            |    53 |    71 |   210 |   256 |   238 |  1062 |  1056 |  1034 |  1626 ||  5606
Block: Shield            |       |       |   101 |   387 |   345 |  1527 |  1403 |  1348 |  1107 ||  6218
       Reflection        |       |       |     3 |    11 |     7 |    67 |    56 |    95 |   113 ||   352
       Large shield      |       |       |       |       |       |       |       |       |  2367 ||  2367
       Rpst.: Long sword |    20 |    21 |    67 |    74 |    37 |   207 |   198 |   160 |       ||   784
       Demon blade       |       |       |       |       |       |       |       |    19 |   263 ||   282

Table legend:
 A = Non-vault XP
 B = Vault XP
 C = Vault XP percentage of total XP
 D = Non-vault monster count
 E = Vault monster count
 F = Vault count percentage of total count
                 A         B        C        D         E       F
            +---------+---------+-------+---------+---------+-------
      Total | 1052211 |  734599 |  41.1 |    2004 |     934 |  31.8
            +---------+---------+-------+---------+---------+-------
        D:1 |      28 |       0 |   0.0 |      15 |       0 |   0.0
        D:2 |      56 |       9 |  13.8 |      22 |       2 |   8.3
        D:3 |     235 |       0 |   0.0 |      29 |       0 |   0.0
        D:4 |     171 |      34 |  16.6 |      11 |       1 |   8.3
        D:5 |     541 |     380 |  41.3 |      27 |      16 |  37.2
        D:6 |     696 |     144 |  17.1 |      16 |       2 |  11.1
        D:7 |     426 |       0 |   0.0 |      10 |       0 |   0.0
        D:8 |    1188 |       0 |   0.0 |      22 |       0 |   0.0
        D:9 |    1829 |       0 |   0.0 |      41 |       0 |   0.0
       D:10 |    3303 |    3329 |  50.2 |      30 |       6 |  16.7
       D:11 |    6769 |    2723 |  28.7 |      49 |      14 |  22.2
       D:12 |    8617 |    1774 |  17.1 |      35 |      28 |  44.4
       D:13 |    8893 |    9325 |  51.2 |      36 |      13 |  26.5
       D:14 |    9943 |    2986 |  23.1 |      26 |       1 |   3.7
       D:15 |    6947 |    4851 |  41.1 |      17 |      13 |  43.3
     Lair:1 |    3274 |     919 |  21.9 |      19 |       2 |   9.5
     Lair:2 |    7822 |    1989 |  20.3 |      29 |      20 |  40.8
     Lair:3 |    8346 |    4579 |  35.4 |      26 |       7 |  21.2
     Lair:4 |    6216 |     820 |  11.7 |      22 |       1 |   4.3
     Lair:5 |    4129 |       0 |   0.0 |      12 |       0 |   0.0
     Lair:6 |    9570 |    9385 |  49.5 |      27 |      27 |  50.0
    Swamp:1 |   10717 |     923 |   7.9 |      26 |       6 |  18.8
    Swamp:2 |   18407 |       0 |   0.0 |      44 |       0 |   0.0
    Swamp:3 |   16337 |    2668 |  14.0 |      37 |       3 |   7.5
    Swamp:4 |   10212 |   22224 |  68.5 |      29 |      27 |  48.2
   Spider:1 |   10591 |   11346 |  51.7 |      33 |      16 |  32.7
   Spider:2 |   18450 |    3251 |  15.0 |      55 |       7 |  11.3
   Spider:3 |   19192 |    4043 |  17.4 |      47 |       1 |   2.1
   Spider:4 |    9475 |   23391 |  71.2 |      20 |      47 |  70.1
      Orc:1 |    2750 |    1259 |  31.4 |      17 |       1 |   5.6
      Orc:2 |    4542 |   12212 |  72.9 |      19 |      73 |  79.3
      Elf:1 |   11757 |   10782 |  47.8 |      23 |      17 |  42.5
      Elf:2 |   10030 |   25749 |  72.0 |      15 |      31 |  67.4
      Elf:3 |    6910 |   37530 |  84.5 |      17 |      32 |  65.3
   Vaults:1 |   30298 |    8070 |  21.0 |      51 |      14 |  21.5
   Vaults:2 |   29846 |   27500 |  48.0 |      63 |      23 |  26.7
   Vaults:3 |   36207 |    8523 |  19.1 |      70 |      25 |  26.3
   Vaults:4 |   22818 |   42806 |  65.2 |      38 |      44 |  53.7
   Vaults:5 |   49567 |  140073 |  73.9 |      64 |      95 |  59.7
    Crypt:1 |   26181 |    2074 |   7.3 |      52 |       4 |   7.1
    Crypt:2 |   34038 |       0 |   0.0 |      53 |       0 |   0.0
    Crypt:3 |   29990 |   43648 |  59.3 |      40 |      15 |  27.3
   Depths:1 |   40992 |    6681 |  14.0 |      52 |      17 |  24.6
   Depths:2 |   55083 |   40618 |  42.4 |      77 |      42 |  35.3
   Depths:3 |   27080 |   39553 |  59.4 |      41 |      39 |  48.8
   Depths:4 |   40871 |   16413 |  28.7 |      44 |      23 |  34.3
   Depths:5 |   44400 |   32788 |  42.5 |      39 |      32 |  45.1
       Hell |   17427 |   34483 |  66.4 |      21 |      58 |  73.4
      Coc:1 |   11515 |       0 |   0.0 |      25 |       0 |   0.0
      Coc:2 |    6350 |       0 |   0.0 |      11 |       0 |   0.0
      Coc:3 |     928 |       0 |   0.0 |       2 |       0 |   0.0
      Coc:4 |   29458 |       0 |   0.0 |      40 |       0 |   0.0
      Coc:6 |   19009 |       0 |   0.0 |      20 |       0 |   0.0
      Coc:7 |   78990 |   49291 |  38.4 |      62 |      46 |  42.6
      Tar:1 |   42682 |       0 |   0.0 |      57 |       0 |   0.0
      Tar:2 |     643 |       0 |   0.0 |       3 |       0 |   0.0
      Tar:4 |   53364 |       0 |   0.0 |      63 |       0 |   0.0
      Tar:5 |    8251 |       0 |   0.0 |      15 |       0 |   0.0
      Tar:6 |   22588 |       0 |   0.0 |      22 |       0 |   0.0
      Tar:7 |   55266 |   43453 |  44.0 |      76 |      43 |  36.1
            +---------+---------+-------+---------+---------+-------
